 Dungeon Crawl Stone Soup version 0.13.1-27-ga479965 (webtiles) character file.

213 Badjas the Chiller (level 4, -1/30 HPs)
             Began as a Merfolk Ice Elementalist on Feb 8, 2014.
             Slain by a phantom (9 damage)
             ... on Level 3 of the Dungeon.
             The game lasted 00:23:56 (2250 turns).

Badjas the Chiller (Merfolk Ice Elementalist)       Turns: 2250, Time: 00:23:56

HP  -1/30        AC  2     Str  8      XL: 4   Next: 21%
MP   7/7         EV 13     Int 20      God:
Gold 143         SH  0     Dex 14      Spells:  2 memorised,  3 levels left

Res.Fire  : . . .   See Invis. : .   y - +4,+0 elf sabre
Res.Cold  : . . .   Warding    : .   A - +0 robe
Life Prot.: . . .   Conserve   : .   (no shield)
Res.Poison: +       Res.Corr.  : .   (no helmet)
Res.Elec. : .       Clarity    : .   (no cloak)
Sust.Abil.: . .     Spirit.Shd : .   (no gloves)
Res.Mut.  : .       Stasis     : .   (no boots)
Res.Rott. : .       Flight     : +   (no amulet)
Saprovore : . . .                    (no ring)
                                     k - ring of poison resistance {unknown}

@: brilliant, flying, slightly resistant to hostile enchantments, fairly
stealthy
A: change form in water, swift swim
a: no special abilities


You were on level 3 of the Dungeon.
You were very hungry.

You visited 1 branch of the dungeon, and saw 3 of its levels.

You collected 123 gold pieces.

Inventory:

Hand weapons
 y - a +4,+0 elven sabre (weapon)
Missiles
 e - 8 darts (quivered)
 i - 62 stones
 t - 10 silver sling bullets
Armour
 s - a +0 cloak
 A - a +0 robe (worn)
Comestibles
 c - 3 bread rations
Scrolls
 a - a scroll of enchant weapon II {unknown}
 g - a scroll of recharging {unknown}
 l - 2 scrolls of magic mapping {unknown}
 m - a scroll of identify {unknown}
 n - a scroll of amnesia {unknown}
 q - a scroll of remove curse {unknown}
 w - a scroll of teleportation {unknown}
 x - a scroll of curse weapon {unknown}
Jewellery
 k - a ring of poison resistance (left hand) {unknown}
Potions
 d - 2 potions of might {unknown}
 f - a potion of slowing {unknown}
 o - a potion of restore abilities {unknown}
 u - a potion of flight
Books
 b - a book of Frost

   Spells                             Type                      Level
   *Freeze                            Ice                          1
   *Throw Frost                       Conjuration/Ice              2
   Ozocubu's Armour                   Charms/Ice                   3
   Throw Icicle                       Conjuration/Ice              4
   Summon Ice Beast                   Ice/Summoning                4
   Condensation Shield                Ice                          4
 v - a book of the Earth

   Spells                             Type                      Level
   Dig                                Earth                        4
   Leda's Liquefaction                Hexes/Earth                  4
   Bolt of Magma                      Conjuration/Fire/Earth       5
   Statue Form                        Transmutation/Earth          6
   Iron Shot                          Conjuration/Earth            6
   Shatter                            Earth                        9


   Skills:
 + Level 1.5 Throwing
 + Level 3.6 Dodging
 - Level 2.1 Stealth
 + Level 1.8 Spellcasting
 - Level 0.8 Conjurations
 - Level 4.0 Ice Magic


You had 3 spell levels left.
You knew the following spells:

 Your Spells              Type           Power        Failure   Level  Hunger
a - Freeze                Ice            ####         1%          1    #......
b - Throw Frost           Conj/Ice       ###...       1%          2    ##.....


Dungeon Overview and Level Annotations

Branches:
Dungeon (3/27)

Altars:


Message History

You hit the phantom.
The phantom is severely damaged.
The phantom misses you. The phantom hits you!
You miss the phantom.
The phantom is severely damaged.
The phantom misses you.
Throwing (i - inventory. (,) - cycle):
e - 9 darts (quivered)
Press: ? - help, Shift-Dir - straight line, f/p - phantom
Aim: a phantom (severely damaged)
You throw a dart. The dart hits the phantom.
The phantom is severely damaged.
The phantom hits you.
* * * LOW HITPOINT WARNING * * *
You feel very buoyant.
You fly up into the air.
It was a potion of flight.
The phantom barely misses you.
You hit the phantom but do no damage.
The phantom is severely damaged.
The phantom hits you!
You die...

#.# #.....# . $#%# #.#
#######.....#.### #.##########
#.....#...p #..........#
####.....##### ##########.#
#........ #.# #..ยง.....####
################.# #......##(..#
#..............#.###......##...##
###.######>...(p@..'......$w.....
#.##.......(.#(###......#######
#.##.###....##.# #......# #.##.#
#.....#.# ########
#.##.###.###.#.# #.##..........(#
#.######.###.### #.# #.(.>.# #.#
#.....#


You could see a phantom.

Vanquished Creatures
  2 adders (D:2)
  A giant gecko (D:3)
  An orc (D:3)
  5 bats
  3 giant cockroaches
  3 hobgoblins (D:1)
  9 jackals
  6 kobolds
  3 giant newts
  10 goblins
  5 rats
48 creatures vanquished.

Notes
Turn   | Place    | Note
--------------------------------------------------------------
     0 | D:1      | Badjas, the Merfolk Ice Elementalist, began the quest for the Orb.
     0 | D:1      | Reached XP level 1. HP: 13/13 MP: 3/3
   131 | D:1      | Reached XP level 2. HP: 19/19 MP: 0/4
   532 | D:1      | Reached skill level 1 in Throwing
   532 | D:1      | Reached XP level 3. HP: 22/24 MP: 6/6
   695 | D:1      | Learned a level 2 spell: Throw Frost
   868 | D:2      | Reached skill level 4 in Ice Magic
  1472 | D:2      | Reached XP level 4. HP: 30/30 MP: 4/7
  1941 | D:3      | Noticed a phantom
  2250 | D:3      | Slain by a phantom

Action                   |  1- 3 |  4- 6 || total
-------------------------+-------+-------++-------
Melee: Unarmed           |     8 |       ||     8
       Sabre             |       |    22 ||    22
Throw: Dart              |    99 |    51 ||   150
 Cast: Freeze            |    44 |     9 ||    53
       Throw Frost       |     1 |     3 ||     4
  Use: Potion            |       |     5 ||     5
 Stab: Sleeping          |       |     1 ||     1
